 Dungeon Crawl Stone Soup version 0.30.0 (webtiles) character file.

Game seed: 10124833702397474307

1410 Jarnaxa the Cleaver (level 8, -9/70 HPs)
             Began as a Minotaur Fighter on May 6, 2023.
             Was a Believer of Elyvilon.
             Mangled by Duvessa
             ... wielding a +0 rapier
              (14 damage)
             ... on level 4 of the Dungeon.
             The game lasted 00:08:29 (3705 turns).

Jarnaxa the Cleaver (Minotaur Fighter)              Turns: 3705, Time: 00:08:31

Health: -9/70      AC:  7    Str: 24    XL:     8   Next: 42%
Magic:  8/8        EV:  9    Int:  5    God:    Elyvilon [**....]
Gold:   273        SH:  8    Dex:  9    Spells: 7/7 levels left

rFire   . . .        a - +0 war axe
rCold   . . .        p - +0 kite shield
rNeg    . . .        b - +0 scale mail
rPois   .            (helmet restricted)
rElec   .            (no cloak)
rCorr   .            (no gloves)
SInv    .            (no boots)
Will    .....        (no amulet) Stlth
                     (no ring)
HPRegen 0.31/turn    (no ring)
MPRegen 0.11/turn

%: no passive effects
@: no status effects
A: horns 2, retaliatory headbutt
a: Renounce Religion, Purification, Heal Other


You were on level 4 of the Dungeon.
You worshipped Elyvilon.
Elyvilon was pleased with you.
You visited 1 branch of the dungeon, and saw 6 of its levels.

You collected 273 gold pieces.

Inventory:

Hand Weapons
 a - a +0 war axe (weapon)
Armour
 b - a +0 scale mail (worn)
 p - a +0 kite shield (worn)
Jewellery
 e - an amulet of guardian spirit
Scrolls
 c - a scroll of silence {unknown}
 f - a scroll of identify
 g - a scroll of fear {unknown}
 h - 2 scrolls of amnesia {unknown}
 i - 3 scrolls of enchant armour {unknown}
 k - a scroll of blinking {unknown}
 m - a scroll of torment {unknown}
 r - a scroll of fog {unknown}
 s - a scroll of enchant weapon {unknown}
Potions
 d - 3 potions of might
 j - a potion of curing
 l - 3 potions of flight
 n - a potion of brilliance {unknown}
 o - a potion of degeneration {unknown}
 q - a potion of invisibility {unknown}
 t - a potion of lignification {unknown}
 u - a potion of heal wounds {unknown}


   Skills:
 + Level 5.7 Fighting
 + Level 8.4 Axes
 + Level 6.5 Armour
 + Level 2.6 Dodging
 - Level 0.4 Stealth
 + Level 5.3 Shields
 * Level 2.6 Invocations


You had 7 spell levels left.
You didn't know any spells.
Your spell library contained the following spells:

 Spells                   Type           Power      Damage    Failure   Level
 Foxfire                  Conj/Fire      0%         2x1d4     94%         1
 Ensorcelled Hibernation  Hex/Ice        0%         N/A       98%         2
 Passwall                 Tmut/Erth      0%         N/A       98%         2
 Swiftness                Air            0%         N/A       100%        3
 Fireball                 Conj/Fire      0%         3d3       100%        5
 Plasma Beam              Fire/Air       0%         2x1d11    100%        6
 Starburst                Conj/Fire      0%         6d3       100%        6


Dungeon Overview and Level Annotations

Branches:
Dungeon (6/15)
 Temple: D:4-7

Altars:
Elyvilon
Ru

Annotations:
D:4 Duvessa


Innate Abilities, Weirdness & Mutations

You have a pair of horns on your head.
You reflexively headbutt those who attack you in melee.


Message History

You feel very mighty all of a sudden.
Duvessa zaps a wand.
The bolt of dispelling energy misses you.
Dowan closely misses you.
You barely miss Dowan.
Dowan is severely wounded.
You hit Duvessa.
Duvessa zaps a wand.
The bolt of dispelling energy hits you!
Your magical effects are unravelling.
* * * LOW HITPOINT WARNING * * *
Duvessa closely misses you. You furiously retaliate!
You headbutt Duvessa.
Dowan gestures wildly while chanting.
Dowan blinks!
You slash Duvessa!
Duvessa is severely wounded.
You feel a little less mighty now. Duvessa hits you with a +0 rapier!
* * * LOW HITPOINT WARNING * * *
Dowan mumbles some strange words.
Dowan blinks!
Duvessa barely misses you.
You hit Duvessa but do no damage.
Duvessa is severely wounded.
You miss Dowan. Duvessa hits you with a +0 rapier!
Elyvilon protects you from harm!
Dowan zaps a wand.
The bolt of dispelling energy hits you!!
Elyvilon protects you from harm!
You feel better. You block Duvessa's attack.
Dowan hits you with a +2 vampiric dagger.
* * * LOW HITPOINT WARNING * * *
Duvessa zaps a wand.
The bolt of dispelling energy hits you!
* * * LOW HITPOINT WARNING * * *
Okay, then.
You hit Duvessa. Your headbutt misses Duvessa.
Duvessa is severely wounded.
You barely miss Dowan. Duvessa hits you but does no damage.
Dowan barely misses you. You furiously retaliate!
You headbutt Dowan!
You kill Dowan!
Duvessa weeps, and shakes her weapon.
Duvessa goes berserk!
Duvessa hits you with a +0 rapier!
You die...

.... ....# ...# ....##
#..# .....# #..# .....#
.. ##..# >....#
$..##...### .....##
....#......#
......#...<....)e.####
................@...$###
.......##..............#
.......#...#..........##
....#......#........#.#
..###...............#..#
...#...#####............
.......#####............
........##.##...........
......................#.


You could see Duvessa (berserk, fast).

Vanquished Creatures
  Sigmund (D:2)
  A yak (D:5)
  An ogre (D:5)
  A black bear (D:3)
  5 scorpions
  Dowan (D:4)
  A howler monkey (D:5)
  An orc priest (D:4)
  5 hounds
  Jessica (D:3)
  3 iguanas
  Natasha (thrice) (D:2)
  4 orc wizards (D:4)
  Robin (D:2)
  4 adders
  A worm (D:2)
  2 dart slugs
  10 orcs
  3 bats
  14 endoplasms
  A giant cockroach (D:1)
  15 goblins
  16 hobgoblins
  8 jackals
  7 kobolds
  5 quokkas
  6 ball pythons
  5 frilled lizards
  5 rats
131 creatures vanquished.

Vanquished Creatures (others)
  A fungus (D:5)
1 creature vanquished.

Grand Total: 132 creatures vanquished

Notes
Turn   | Place    | Note
-------+----------+-------------------------------------------
     0 | D:1      | Jarnaxa the Minotaur Fighter began the quest for the Orb.
     0 | D:1      | Reached XP level 1. HP: 19/19 MP: 0/0
   123 | D:1      | Reached XP level 2. HP: 27/27 MP: 1/1
   460 | D:1      | Reached XP level 3. HP: 33/33 MP: 2/2
   854 | D:2      | Noticed Natasha
   861 | D:2      | Killed Natasha
   862 | D:2      | Reached skill level 3 in Axes
  1040 | D:2      | Reached XP level 4. HP: 35/40 MP: 3/3
  1125 | D:2      | Noticed Robin
  1128 | D:2      | Killed Robin
  1143 | D:2      | Reached skill level 1 in Dodging
  1197 | D:2      | Noticed Sigmund
  1198 | D:2      | Found a faded altar of an unknown god.
  1206 | D:2      | Killed Sigmund
  1207 | D:2      | Reached skill level 5 in Axes
  1207 | D:2      | Reached skill level 5 in Armour
  1207 | D:2      | Reached XP level 5. HP: 47/47 MP: 4/4
  1218 | D:2      | Prayed at the altar of an unknown god.
  1218 | D:2      | Became a worshipper of Elyvilon the Healer
  1218 | D:2      | Reached * piety under Elyvilon
  1626 | D:2      | Noticed Natasha
  1629 | D:2      | Killed Natasha
  1630 | D:2      | Reached XP level 6. HP: 53/53 MP: 5/5
  1730 | D:2      | Noticed Natasha
  1733 | D:2      | Killed Natasha
  1748 | D:3      | Noticed Jessica
  1752 | D:3      | Killed Jessica
  2094 | D:3      | Reached ** piety under Elyvilon
  2183 | D:3      | Reached skill level 5 in Fighting
  2493 | D:3      | Reached skill level 6 in Axes
  2662 | D:4      | HP: 2/56 [orc wizard/magic dart (6)]
  2669 | D:4      | Reached XP level 7. HP: 9/61 MP: 6/6
  3179 | D:4      | Reached skill level 7 in Axes
  3320 | D:4      | Reached skill level 1 in Invocations
  3326 | D:4      | Reached skill level 5 in Shields
  3421 | D:4      | You fall into a shaft and drop 2 floors!
  3461 | D:5      | Entered Level 5 of the Dungeon
  3472 | D:5      | Noticed a yak
  3485 | D:5      | Reached XP level 8. HP: 60/69 MP: 6/8
  3496 | D:5      | Reached skill level 8 in Axes
  3652 | D:5      | Found a sacrificial altar of Ru.
  3689 | D:4      | Noticed Dowan
  3691 | D:4      | Noticed Duvessa
  3703 | D:4      | Elyvilon protects you from harm!
  3703 | D:4      | Elyvilon protects you from harm!
  3705 | D:4      | Killed Dowan
  3705 | D:4      | Mangled by Duvessa

Illustrated notes

Levels and vault maps discovered:
D:1:      matt_arrival_grand_opening, layout_basic, hex_intersection,
          minmay_tripent
D:2:      layout_basic, dreamdust_ecumenical_altar_grove, uniq_natasha,
          uniq_robin, uniq_sigmund
D:3:      minmay_door_path, layout_loops_ring, hangedman_decor_points,
          grunt_ministairs_1, uniq_jessica
D:4:      layout_cave_pools, uniq_duvessa
D:5:      minmay_skewed_foursquare, layout_loops_ring,
          mainiacjoe_overflow_paths, minmay_temple_entry_statues_pillars,
          ebering_ghost_rock_garden, minmay_gold_behind_fungi,
          minmay_manual_moon
D:6:      layout_basic, mainiacjoe_overflow_catch_the_wave,
          dk_yredelemnul_ordeal, grunt_ministairs_9

Skill      XL: |  1  2  3  4  5  6  7  8 |
---------------+-------------------------+-----
Fighting       | 4 5 |  5.7
Armour         | 4 5 6 |  6.5
Shields        | 4 5 |  5.3
Axes           | 3 5 6 7 8 |  8.4
Dodging        | 1 2 |  2.6
Invocations    | 1 2 |  2.6
Stealth        | |  0.4

Action                     |  1- 3 |  4- 6 |  7- 9 || total
---------------------------+-------+-------+-------++-------
  Melee: War axe           |    85 |   118 |   119 ||   322
         Headbutt          |    11 |    12 |    16 ||    39
 Invoke: Purification      |       |       |     1 ||     1
    Use: Scroll            |     2 |       |       ||     2
         Potion            |       |     1 |     2 ||     3
 Armour: Scale mail        |    42 |    51 |    49 ||   142
  Dodge: Dodged            |    41 |    47 |    38 ||   126
  Block: Buckler           |    26 |     9 |       ||    35
         Kite shield       |       |    24 |    42 ||    66
